 Dungeon Crawl Stone Soup version 0.27-a0-1434-g6f15984924 (webtiles) character file.

Game seed: 8989707587305333593

65 sagitran the Stinger (level 3, 0/26 HPs)
             Began as a Demonspawn Venom Mage on July 3, 2021.
             Was an Initiate of Okawaru.
             Slain by Purgy (2 damage)
             ... on level 3 of the Dungeon.
             The game lasted 00:09:03 (3504 turns).

sagitran the Stinger (Demonspawn Venom Mage)        Turns: 3504, Time: 00:09:04

Health: 0/26       AC:  2    Str:  8    XL:     3   Next: 94%
Magic:  1/6        EV: 12    Int: 17    God:    Okawaru [......]
Gold:   23         SH:  4    Dex: 13    Spells: 3/6 levels left

rFire    + . .     SeeInvis .   e - +2 dagger (flame)
rCold    . . .     Faith    .   (no shield)
rNeg     . . .     Spirit   .   a - +0 robe
rPois    .         Reflect  .   (no helmet)
rElec    .         Harm     .   (no cloak)
rCorr    .         Rampage  .   (no gloves)
Will     .....                  (no boots)
Stlth    ++........             (no amulet)
HPRegen  0.08/turn              c - ring of protection from fire
MPRegen  0.10/turn              (no ring)

@: about to teleport
A: condensation shield
a: Renounce Religion


You were on level 3 of the Dungeon.
You worshipped Okawaru.
Okawaru was noncommittal.
You visited 1 branch of the dungeon, and saw 4 of its levels.

You collected 23 gold pieces.

Inventory:

Hand Weapons
 b - a +0 battleaxe
 e - a +2 dagger of flaming (weapon)
Armour
 a - a +0 robe (worn)
Jewellery
 c - a ring of protection from fire (left hand)
Scrolls
 d - a scroll of teleportation
 f - a scroll of identify {unknown}


   Skills:
 + Level 1.1 Fighting
 + Level 0.7 Short Blades
 + Level 0.5 Axes
 + Level 2.2 Dodging
 + Level 2.2 Stealth
 + Level 2.1 Spellcasting
 + Level 1.2 Transmutations
 + Level 3.4 Poison Magic


You had 3 spell levels left.
You knew the following spells:

 Your Spells              Type           Power      Damage    Failure   Level
a - Sting                 Tmut/Pois      36%        1d4       8%          1
b - Poisonous Vapours     Pois/Air       14%        N/A       14%         2

Your spell library contained the following spells:

 Spells                   Type           Power      Damage    Failure   Level
 Mephitic Cloud           Conj/Pois/Air  5%         N/A       34%         3
 Olgreb's Toxic Radiance  Pois           13%        N/A       43%         4


Dungeon Overview and Level Annotations

Branches:
Dungeon (4/15)
 Temple: D:4-7

Altars:
Okawaru
Zin

Annotations:
D:3 Natasha, Purgy


Innate Abilities, Weirdness & Mutations

A meltable shield of frost defends you. (SH +4)


Message History

Press: ? - help, Dir - move target, f/p - Purgy
Aim: Purgy (poisoned) Poisonous vapours surround Purgy!
Purgy looks even sicker.
Casting: Poisonous Vapours (safe; 14% risk of failure)
Confirm with . or Enter, or press ? or * to list all spells.
You don't have enough magic to cast this spell.
Casting: Poisonous Vapours (safe; 14% risk of failure)
Confirm with . or Enter, or press ? or * to list all spells.
Aiming: Sting (safe; 8% risk of failure)
Press: ? - help, Shift-Dir - straight line, f/p - Purgy
Aim: Purgy (very poisoned, 60% to hit)
The sting hits Purgy.
Purgy looks even sicker.
Purgy is lightly wounded.
You miss Purgy.
Purgy is lightly wounded.
Purgy bites you. Purgy claws you. x2
You miss Purgy.
Purgy is lightly wounded.
You block Purgy's attack. Purgy claws you but does no damage. Purgy claws you.
You hit Purgy. You burn Purgy.
Purgy is lightly wounded.
Purgy closely misses you. Purgy claws you. Purgy barely misses you.
You hit Purgy. You burn Purgy.
Purgy is moderately wounded.
Purgy barely misses you. x3
You hit Purgy. You burn Purgy.
Purgy is heavily wounded.
Purgy bites you. Purgy barely misses you. Purgy claws you.
* * * LOW HITPOINT WARNING * * *
You aren't carrying any potions.
As you read the scroll labelled UNNOIW SISMITT, it crumbles to dust.
You feel strangely unstable.
It was a scroll of teleportation.
Purgy bites you but does no damage. Purgy claws you.
* * * LOW HITPOINT WARNING * * *
Purgy claws you.
* * * LOW HITPOINT WARNING * * *
You barely miss Purgy.
Purgy is moderately wounded.
Purgy bites you.
You die...

#.........# #.#
#.........# #.#
#.........# #.#
#.........# #..
#.........# ###
#.........############
#.....................
.########.....##########
..!....@......#
...####T####..# ..S.
#..# #...... #..#
#.......#.##
....._.....#
..#.......#.
..#.......#.#


You could see Purgy (very poisoned) and a ball python.

Vanquished Creatures
  2 adders (D:2)
  2 worms (D:2)
  2 dart slugs
  3 bats
  5 endoplasms
  5 hobgoblins
  3 jackals
  5 kobolds
  3 ball pythons (D:1)
  2 frilled lizards (D:2)
  4 rats
36 creatures vanquished.

Notes
Turn   | Place    | Note
-------+----------+-------------------------------------------
     0 | D:1      | sagitran the Demonspawn Venom Mage began the quest for the
                  | Orb.
     0 | D:1      | Reached XP level 1. HP: 13/13 MP: 3/3
   715 | D:3      | Noticed Natasha
   727 | D:1      | Gained mutation: A meltable shield of frost defends you.
                  | (SH +4) [demonic ancestry]
   727 | D:1      | Reached XP level 2. HP: 9/19 MP: 1/5
   942 | D:1      | Reached skill level 1 in Transmutations
  1493 | D:1      | Learned a level 2 spell: Poisonous Vapours
  2027 | D:2      | Reached XP level 3. HP: 12/24 MP: 6/6
  2214 | D:2      | Found an iron altar of Okawaru.
  2238 | D:2      | HP: 1/24 [poisoned by an adder]
  2244 | D:2      | Reached skill level 1 in Fighting
  2261 | D:2      | Became a worshipper of Warmaster Okawaru
  2810 | D:2      | Found a faded altar of an unknown god.
  3494 | D:3      | Noticed Purgy
  3503 | D:3      | HP: 1/26 [Purgy (4)]
  3504 | D:3      | Slain by Purgy

Illustrated notes

Levels and vault maps discovered:
D:1:      grunt_arrival_crossed_arrows, layout_loops_ring
D:2:      layout_loops_ring, ebering_ecumenical_altar_sacrificial, basic_altar
D:3:      layout_basic, old_standard_altar, nicolae_overflow_hidden_temple,
          supply_closet_lemuel, uniq_natasha, uniq_purgy
D:4:      layout_cave_pools, chequers_serial_rivers_room_a,
          nicolae_take_the_stairs, dk_noncrumbling_4

Skill      XL: |  1  2  3 |
---------------+----------+-----
Dodging        | 2 |  2.2
Transmutations | 1 |  1.2
Stealth        | 2 |  2.2
Fighting       | 1 |  1.1
Short Blades   | |  0.7
Axes           | |  0.5
Spellcasting   | |  2.1
Poison Magic   | |  3.4

Action                   || total
-------------------------++-------
Melee: Battleaxe         ||    42
       Unarmed           ||     2
       Dagger            ||    78
 Cast: Sting             ||    22
       Poisonous Vapours ||     5
  Use: Scroll            ||     2
       Potion            ||     2
 Stab: Sleeping          ||     3
Armor: Robe              ||    32
Dodge: Dodged            ||   111
Block: Other             ||    19

Table legend: (Time is in decaauts)
 A = Elapsed time spent in this place.
 B = Non-inter-level travel time spent in this place.
 C = Inter-level travel time spent in this place.
 D = Time resting spent in this place.
 E = Time spent auto-exploring this place.
 F = Levels seen in this place.
 G = Mean time per level.
                   A        B        C        D        E       F      G
               +--------+--------+--------+--------+--------+-----+--------+
         Total |   3534 |   3507 |     27 |   1734 |    616 |   4 |  883.5 |
       Dungeon |   3534 |   3507 |     27 |   1734 |    616 |   4 |  883.5 |
               +--------+--------+--------+--------+--------+-----+--------+

Top non-repeatable levels by time:
     D:2: 1803 daAuts
     D:1: 1448 daAuts
     D:3: 252 daAuts
     D:4: 30 daAuts
